 Dungeon Crawl Stone Soup version 0.27-a0-1242-ge70438ac7b (webtiles) character file.

Game seed: 5352387916592097085

1236 Glokmah the Fighter (level 8, 0/68 (71) HPs)
             Began as a Gnoll Wanderer on June 9, 2021.
             Was a Priest of Yredelemnul.
             Slain by a +2 hand axe of chaos (4 damage)
             ... on level 6 of the Dungeon.
             The game lasted 00:12:27 (8137 turns).

Glokmah the Fighter (Gnoll Wanderer)                Turns: 8137, Time: 00:12:28

HP:   0/68 (71)     AC:  6    Str: 14    XL:     8   Next: 49%
MP:   12/12         EV: 12    Int: 10    God:    Yredelemnul [***...]
Gold: 290           SH:  0    Dex: 13    Spells: 13/13 levels left

rFire    . . .     SeeInvis .   b - +2 mace (pain)
rCold    . . .     Faith    .   (no shield)
rNeg     . . .     Spirit   .   k - +0 leather armour
rPois    .         Reflect  .   (no helmet)
rElec    .         Harm     .   o - +0 cloak
rCorr    .         Rampage  .   e - +0 pair of gloves
Will     .....                  (no boots)
Stlth    ++........             (no amulet)
HPRegen  0.21/turn              y - ring of flight
MPRegen  0.13/turn              (no ring)

@: flying, hasted, lightly drained, very quick
A: fangs 1, strong nose, distributed training
a: Renounce Religion, Recall Undead Slaves, Injury Mirror, Animate Dead


You were on level 6 of the Dungeon.
You worshipped Yredelemnul.
Yredelemnul was most pleased with you.
You visited 1 branch of the dungeon, and saw 6 of its levels.
You also visited: Sewer.

You collected 290 gold pieces.

Inventory:

Hand Weapons
 a - a +2 mace
 b - a +2 mace of pain (weapon)
 t - a +3 trident
Missiles
 d - 26 poisoned darts (quivered)
 u - a throwing net
Armour
 e - a +0 pair of gloves (worn)
 i - a +2 chain mail of poison resistance
 j - a +2 cloak of preservation
 k - a +0 leather armour (worn)
 o - a +0 cloak (worn)
Jewellery
 y - a ring of flight (left hand)
Wands
 l - a wand of polymorph (8)
 s - a wand of acid (18)
Scrolls
 g - 3 scrolls of teleportation
 h - 2 scrolls of noise {unknown}
 n - a scroll of amnesia {unknown}
 r - 2 scrolls of identify {unknown}
 v - a scroll of immolation {unknown}
 w - 2 scrolls of enchant weapon {unknown}
Potions
 c - 4 potions of curing
 f - a potion of haste {unknown}
 m - a potion of degeneration {unknown}
 p - a potion of lignification
 q - a potion of ambrosia {unknown}
 x - a potion of heal wounds {unknown}


   Skills:
 + Level 9.2 Fighting
 + Level 3.3 Short Blades
 + Level 3.3 Long Blades
 + Level 3.3 Axes
 + Level 5.7 Maces & Flails
 + Level 3.3 Polearms
 + Level 3.3 Staves
 + Level 3.3 Slings
 + Level 3.3 Bows
 + Level 3.3 Crossbows
 + Level 4.2 Throwing
 + Level 5.7 Armour
 + Level 3.3 Dodging
 + Level 4.1 Stealth
 + Level 3.3 Shields
 + Level 3.3 Unarmed Combat
 + Level 3.3 Spellcasting
 + Level 2.7 Conjurations
 + Level 2.7 Hexes
 + Level 2.7 Summonings
 + Level 2.7 Necromancy
 + Level 2.7 Translocations
 + Level 2.7 Transmutations
 + Level 2.7 Fire Magic
 + Level 2.7 Ice Magic
 + Level 2.7 Air Magic
 + Level 2.7 Earth Magic
 + Level 2.7 Poison Magic
 + Level 3.6 Invocations
 + Level 3.3 Evocations


You had 13 spell levels left.
You didn't know any spells.
Your spell library contained the following spells:

 Spells                   Type           Power      Damage    Failure   Level
 Animate Skeleton         Necr           14%        N/A       11%         1
 Corona                   Hex            7%         N/A       11%         1
 Pain                     Necr           28%        1d5       11%         1
 Shock                    Conj/Air       28%        1d4       11%         1
 Sting                    Tmut/Pois      28%        1d4       11%         1
 Ensorcelled Hibernation  Hex/Ice        14%        N/A       17%         2
 Poisonous Vapours        Pois/Air       14%        N/A       17%         2
 Static Discharge         Conj/Air       7%         N/A       17%         2
 Confusing Touch          Hex            7%         N/A       32%         3
 Dazzling Flash           Conj/Hex       14%        N/A       32%         3
 Ignite Poison            Fire/Tmut/Pois 7%         N/A       32%         3
 Mephitic Cloud           Conj/Pois/Air  7%         N/A       32%         3
 Swiftness                Air            7%         N/A       32%         3
 Tukima's Dance           Hex            7%         N/A       32%         3
 Vampiric Draining        Necr           3%         2d6       32%         3
 Airstrike                Air            3%         N/A       73%         4
 Animate Dead             Necr           3%         N/A       73%         4
 Olgreb's Toxic Radiance  Pois           7%         N/A       73%         4
 Agony                    Necr           7%         N/A       97%         5
 Lightning Bolt           Conj/Air       3%         1d15      97%         5


Dungeon Overview and Level Annotations

Branches:
Dungeon (6/15)              Sewer (visited)
 Temple: D:4-7

Altars:
Dithmenos
Makhleb
Ru
Xom
Yredelemnul

Annotations:
D:6 Glokmah's ghost, novice MfSu


Innate Abilities, Weirdness & Mutations

You have very sharp teeth.
Your uncanny sense of smell can sniff out nearby items.
Your experience applies equally to all skills.


Message History

Unknown command.
What are your orders? t - Bark!
Orders for allies: a - Attack new target. r - Retreat! s - Stop attacking. g - Guard the area. f - Follow me.
Anything else - Cancel.
Gang up on whom?
Press: ? - help, Dir - move target, f - +2 hand axe of chaos
Aim: a +2 hand axe of chaos (ally target) Attack!
Your iguana zombie bites the +2 hand axe of chaos.
The +2 hand axe of chaos hits your iguana zombie.
Your iguana zombie suddenly seems more agile.
The +2 hand axe of chaos completely misses your orc zombie.
Your orc zombie closely misses the +2 hand axe of chaos.
The +2 hand axe of chaos hits your iguana zombie.
Your iguana zombie is destroyed!
The +2 hand axe of chaos hits your adder zombie!
Your adder zombie seems to grow stronger.
The +2 hand axe of chaos hits your orc zombie!
Your orc zombie is destroyed!
Your adder zombie misses the +2 hand axe of chaos.
Your hound zombie misses the +2 hand axe of chaos.
The crimson imp blinks!
Your hound zombie barely misses the +2 hand axe of chaos.
The +2 hand axe of chaos hits you.
* * * LOW HITPOINT WARNING * * *
The +2 hand axe of chaos burns you.
* * * LOW HITPOINT WARNING * * *
Unknown command.
Glokmah's ghost casts a spell.
You barely miss the +2 hand axe of chaos.
The +2 hand axe of chaos hits you.
* * * LOW HITPOINT WARNING * * *
You feel as though your hastened speed will last longer.
You barely miss the +2 hand axe of chaos.
The +2 hand axe of chaos hits you.
You die...
Your body rises from the dead as a mindless zombie.

..............#.#...##...#.......
####............#....'...#....Z..
...'.........#......##...#....Z..
.###.........#..###.##...#.......
.#...........'...##.##...#####z##
.##..........##..##.##...# #Z#.
.##..........###.##.##...# ###Z#.
###..........# #..#.########.Z...
..Z...#...#### #@.#...(.....Z....
###z#.#...# #(.#........Z..... #
#.#.#...# #.................
###.......######Z................
#................................
#..............#...>.............
#..............#.##..............
#..............#.#....########...
#..............#......#..........


You could see a +2 hand axe of chaos (ally target) and a friendly hound zombie.

Vanquished Creatures
  A sky beast (D:6)
  2 phantoms
  A bullfrog skeleton (D:5)
  2 hounds
  2 iguanas
  A scorpion zombie (D:5)
  5 gnolls
  13 adders
  3 river rats (D:3)
  2 white imps
  4 worms (D:3)
  An adder skeleton (D:4)
  2 dart slugs
  An orc (D:5)
  15 ball pythons
  5 bats
  12 endoplasms
  6 giant cockroaches (Sewer)
  6 goblins
  7 hobgoblins
  7 jackals
  8 quokkas
  7 frilled lizards
  4 kobolds
  9 rats
126 creatures vanquished.

Vanquished Creatures (collateral kills)
  Grinder (D:3)
  2 black bears
  A phantom (D:5)
  A bullfrog (Sewer)
  A scorpion (D:4)
  A bullfrog zombie (D:5)
  A hound (D:5)
  An iguana (D:6)
  2 hound skeletons (D:5)
  2 adders
  2 gnolls (D:4)
  A white imp (D:6)
  An orc (D:6)
  5 ball pythons
  2 endoplasms (Sewer)
  3 giant cockroaches (Sewer)
  A hobgoblin (D:3)
  A jackal (D:4)
  A quokka (Sewer)
  A frilled lizard (Sewer)
31 creatures vanquished.

Vanquished Creatures (others)
  A wight (D:6)
  3 adder zombies
  2 ball python zombies (Sewer)
  2 frilled lizard zombies (Sewer)
  A giant cockroach zombie (Sewer)
  A hound zombie (D:5)
  2 iguana zombies
  A kobold zombie (D:4)
  An orc zombie (D:6)
  3 rat zombies
  A worm zombie (D:3)
  3 plants (D:2)
  2 withered plants (D:2)
23 creatures vanquished.

Grand Total: 180 creatures vanquished

Notes
Turn   | Place    | Note
-------+----------+-------------------------------------------
     0 | D:1      | Glokmah the Gnoll Wanderer began the quest for the Orb.
     0 | D:1      | Glokmah set off with the following items: a +2 mace, a
                  | potion of lignification, a potion of curing, a +0 robe
     0 | D:1      | Reached XP level 1. HP: 26/26 MP: 1/1
   123 | D:1      | Reached XP level 2. HP: 24/33 MP: 2/2
   467 | D:1      | Reached XP level 3. HP: 38/38 MP: 3/3
   876 | D:2      | Found a faded altar of an unknown god.
   911 | D:2      | Became a worshipper of Yredelemnul the Dark
   911 | D:2      | Reached * piety under Yredelemnul
   972 | D:2      | Reached skill level 1 in Invocations
  1078 | D:2      | Reached skill level 1 in Short Blades
  1078 | D:2      | Reached skill level 1 in Long Blades
  1078 | D:2      | Reached skill level 1 in Axes
  1078 | D:2      | Reached skill level 1 in Polearms
  1078 | D:2      | Reached skill level 1 in Staves
  1078 | D:2      | Reached skill level 1 in Slings
  1078 | D:2      | Reached skill level 1 in Bows
  1078 | D:2      | Reached skill level 1 in Crossbows
  1078 | D:2      | Reached skill level 1 in Dodging
  1078 | D:2      | Reached skill level 1 in Shields
  1078 | D:2      | Reached skill level 1 in Unarmed Combat
  1078 | D:2      | Reached skill level 1 in Spellcasting
  1078 | D:2      | Reached skill level 1 in Evocations
  1422 | D:2      | Reached XP level 4. HP: 30/45 MP: 5/5
  2140 | D:2      | Reached skill level 1 in Conjurations
  2140 | D:2      | Reached skill level 1 in Hexes
  2140 | D:2      | Reached skill level 1 in Summonings
  2140 | D:2      | Reached skill level 1 in Necromancy
  2140 | D:2      | Reached skill level 1 in Translocations
  2140 | D:2      | Reached skill level 1 in Transmutations
  2140 | D:2      | Reached skill level 1 in Fire Magic
  2140 | D:2      | Reached skill level 1 in Ice Magic
  2140 | D:2      | Reached skill level 1 in Air Magic
  2140 | D:2      | Reached skill level 1 in Earth Magic
  2140 | D:2      | Reached skill level 1 in Poison Magic
  2246 | D:3      | Noticed Grinder
  2342 | D:3      | Reached XP level 5. HP: 37/51 MP: 3/6
  2357 | D:3      | Found a glowing drain.
  2372 | Sewer    | Entered a sewer
  2680 | Sewer    | Reached ** piety under Yredelemnul
  3254 | Sewer    | Reached XP level 6. HP: 46/57 MP: 8/8
  3426 | D:3      | Reached skill level 5 in Maces & Flails
  3426 | D:3      | Reached skill level 5 in Armour
  3577 | D:3      | Reached *** piety under Yredelemnul
  3752 | D:3      | Found a large runed translucent door.
  3753 | D:3      | Found a large runed translucent door.
  3793 | D:3      | Killed Grinder
  3862 | D:3      | Found a sacrificial altar of Ru.
  4327 | D:3      | Found a burning altar of Makhleb.
  4334 | D:3      | Found a shadowy altar of Dithmenos.
  4926 | D:4      | Reached XP level 7. HP: 63/63 MP: 10/10
  5756 | D:5      | Entered Level 5 of the Dungeon
  6571 | D:5      | Reached skill level 9 in Fighting
  6695 | D:5      | Reached XP level 8. HP: 53/71 MP: 12/12
  6942 | D:5      | Received a gift from Yredelemnul (a wight)
  7449 | D:6      | Found a runed translucent door.
  7453 | D:6      | Found a shimmering altar of Xom.
  7453 | D:6      | Noticed Glokmah's ghost (novice MfSu)
  7454 | D:6      | Noticed a +2 hand axe of chaos
  8137 | D:6      | Slain by a +2 hand axe of chaos

Illustrated notes

Levels and vault maps discovered:
D:1:      nzn_arrival_crosshair, layout_rooms
D:2:      layout_loops_corners, shapermc_ecumenical_altar_flowoftime
D:3:      layout_basic, nicolae_ru_sacrificial_ziggurat, jmf_multi_god_temple2,
          lightli_sewer_entry_pipes, minmay_hedge_maze, uniq_grinder
D:4:      layout_basic
D:5:      layout_cave_pods, hangedman_decor_push, grunt_ministairs_13
D:6:      layout_basic, ebering_ghost_xom

Skill      XL: |  1  2  3  4  5  6  7  8 |
---------------+-------------------------+-----
Invocations    | 1 2 3 |  3.6
Short Blades   | 1 2 3 |  3.3
Long Blades    | 1 2 3 |  3.3
Axes           | 1 2 3 |  3.3
Polearms       | 1 2 3 |  3.3
Staves         | 1 2 3 |  3.3
Slings         | 1 2 3 |  3.3
Bows           | 1 2 3 |  3.3
Crossbows      | 1 2 3 |  3.3
Dodging        | 1 2 3 |  3.3
Shields        | 1 2 3 |  3.3
Unarmed Combat | 1 2 3 |  3.3
Spellcasting   | 1 2 3 |  3.3
Evocations     | 1 2 3 |  3.3
Conjurations   | 1 2 |  2.7
Hexes          | 1 2 |  2.7
Summonings     | 1 2 |  2.7
Necromancy     | 1 2 |  2.7
Translocations | 1 2 |  2.7
Transmutations | 1 2 |  2.7
Fire Magic     | 1 2 |  2.7
Ice Magic      | 1 2 |  2.7
Air Magic      | 1 2 |  2.7
Earth Magic    | 1 2 |  2.7
Poison Magic   | 1 2 |  2.7
Throwing       | 3 4 |  4.2
Stealth        | 3 4 |  4.1
Maces & Flails | 5 |  5.7
Armour         | 5 |  5.7
Fighting       | 9 |  9.2

Action                   |  1- 3 |  4- 6 |  7- 9 || total
-------------------------+-------+-------+-------++-------
Melee: Mace              |    91 |   304 |   147 ||   542
       Bite              |     5 |    16 |    16 ||    37
       Punch             |       |     1 |     3 ||     4
Invok: Animate Remains   |     2 |    26 |       ||    28
       Animate Dead      |       |     7 |    17 ||    24
       Recall Undead Sla |       |     3 |     5 ||     8
  Use: Scroll            |       |     2 |       ||     2
 Stab: Sleeping          |     5 |     3 |     2 ||    10
       Distracted        |       |     2 |     3 ||     5
Armor: Robe              |    14 |    12 |       ||    26
       Leather armour    |       |   144 |    54 ||   198
Dodge: Dodged            |    56 |   202 |   100 ||   358

Table legend: (Time is in decaauts)
 A = Elapsed time spent in this place.
 B = Non-inter-level travel time spent in this place.
 C = Inter-level travel time spent in this place.
 D = Time resting spent in this place.
 E = Time spent auto-exploring this place.
 F = Levels seen in this place.
 G = Mean time per level.
                   A        B        C        D        E       F      G
               +--------+--------+--------+--------+--------+-----+--------+
         Total |   8346 |   7913 |    433 |    746 |   5401 |   7 | 1192.3 |
       Dungeon |   7289 |   6856 |    433 |    420 |   5069 |   6 | 1214.8 |
         Sewer |   1056 |   1056 |      0 |    326 |    332 |   1 | 1056.0 |
               +--------+--------+--------+--------+--------+-----+--------+

Top non-repeatable levels by time:
     D:2: 1626 daAuts
     D:5: 1447 daAuts
     D:4: 1413 daAuts
     D:3: 1289 daAuts
   Sewer: 1056 daAuts
     D:6: 845 daAuts
     D:1: 667 daAuts
